 Dungeon Crawl Stone Soup version 0.30.1-11-g7821555f0a (webtiles) character file.

Game seed: 5036651129823015537

294 Peloso the Covered (level 6, -3/53 HPs)
             Began as a Minotaur Fighter on Dec 16, 2023.
             Slain by Crazy Yiuf
             ... wielding a +2 quarterstaff of chaos
              (18 damage)
             ... on level 3 of the Dungeon.
             The game lasted 00:05:16 (2521 turns).

Peloso the Covered (Minotaur Fighter)               Turns: 2521, Time: 00:05:16

Health: -3/53      AC: 11    Str: 26    XL:     6   Next: 11%
Magic:  5/5        EV:  9    Int:  5    God:
Gold:   132        SH:  0    Dex: 12    Spells: 5/5 levels left

rFire   . . .        a - +0 long sword
rCold   . . .        (no shield)
rNeg    . . .        t - +0 chain mail
rPois   .            (helmet restricted)
rElec   .            (no cloak)
rCorr   .            c - +0 pair of gloves
SInv    .            (no boots)
Will    .....        h - amulet of regeneration Stlth
                     l - +6 ring of strength
HPRegen 1.08/turn    (no ring)
MPRegen 0.09/turn

%: no passive effects
@: no status effects
A: horns 2, retaliatory headbutt, wild magic 1
a: no special abilities


You were on level 3 of the Dungeon.
You visited 1 branch of the dungeon, and saw 3 of its levels.

You collected 132 gold pieces.

Inventory:

Hand Weapons
 a - a +0 long sword (weapon)
 b - a +0 scythe
Armour
 c - a +0 pair of gloves (worn)
 d - a +0 buckler
 f - a +0 scale mail
 t - a +0 chain mail (worn)
Jewellery
 h - an amulet of regeneration (around neck)
 l - a +6 ring of strength (left hand)
Scrolls
 e - 3 scrolls of teleportation {unknown}
 g - 3 scrolls of noise {unknown}
 i - 2 scrolls of enchant weapon {unknown}
 j - 3 scrolls of identify {unknown}
 m - a scroll of poison {unknown}
 n - a scroll of immolation {unknown}
 p - 2 scrolls of enchant armour {unknown}
 q - a scroll of vulnerability {unknown}
 u - a scroll of fear {unknown}
 v - a scroll of acquirement {unknown}
Potions
 k - a potion of mutation
 o - 2 potions of attraction {unknown}
 r - a potion of haste {unknown}
 s - a potion of heal wounds


   Skills:
 + Level 4.7 Fighting
 + Level 5.2 Long Blades
 + Level 5.2 Armour
 + Level 1.5 Dodging
 + Level 0.2 Stealth
 + Level 4.1 Shields


You had 5 spell levels left.
You didn't know any spells.
Your spell library contained the following spells:

 Spells                   Type           Power      Damage    Failure   Level
 Magic Dart               Conj           0%         1d3       96%         1
 Searing Ray              Conj           0%         2d4       99%         2
 Sublimation of Blood     Necr           0%         N/A       99%         2
 Wereblood                Tmut           0%         N/A       99%         2
 Fulminant Prism          Conj/Hex       0%         3d5       100%        4
 Summon Hydra             Summ           0%         N/A       100%        7


Dungeon Overview and Level Annotations

Branches:
Dungeon (3/15)

Altars:
Uskayaw
Yredelemnul

Shops:
D:1 (   D:2 (   D:3 =

Annotations:
D:3 Crazy Yiuf


Innate Abilities, Weirdness & Mutations

You have a pair of horns on your head.
You reflexively headbutt those who attack you in melee.
Your spells are a little harder to cast, but a little more powerful.


Message History

Things that are here:
a +0 hand axe; 2 boomerangs
Found a club.
Crazy Yiuf says, "You!
Leather koolooloo rumpyflump."
Could not explore, unopened runed door.
Could not explore, unopened runed door.
Could not explore, unopened runed door.
As you open the door, it creaks loudly!
You barely miss Crazy Yiuf. You headbutt Crazy Yiuf.
Crazy Yiuf is moderately wounded.
Crazy Yiuf closely misses you.
You closely miss Crazy Yiuf.
Crazy Yiuf is moderately wounded.
Crazy Yiuf barely misses you.
Crazy Yiuf hits you with a +2 quarterstaff of chaos.
You are electrocuted!
You hit Crazy Yiuf.
You headbutt Crazy Yiuf, but do no damage.
Crazy Yiuf is moderately wounded.
Crazy Yiuf says, "Leather mumblescurry canine!"
Crazy Yiuf hits you with a +2 quarterstaff of chaos.
Crazy Yiuf draws strength from your wounds!
You hit Crazy Yiuf but do no damage. Your headbutt misses Crazy Yiuf.
Crazy Yiuf is moderately wounded.
Crazy Yiuf hits you with a +2 quarterstaff of chaos!
Crazy Yiuf freezes you.
You hit Crazy Yiuf but do no damage.
Crazy Yiuf is moderately wounded.
Crazy Yiuf hits you with a +2 quarterstaff of chaos!
Crazy Yiuf freezes you.
You barely miss Crazy Yiuf.
Crazy Yiuf is moderately wounded.
Crazy Yiuf hits you with a +2 quarterstaff of chaos.
* * * LOW HITPOINT WARNING * * *
Crazy Yiuf freezes you.
* * * LOW HITPOINT WARNING * * *
You completely miss Crazy Yiuf.
Crazy Yiuf is moderately wounded.
Crazy Yiuf hits you but does no damage. Space warps horribly around you!!
You die...

#....# #.# #.#
#....# ###.# #.#
#....# #...# #.#
############ #...##
#.########.#
..#...<)...# ##.##
#..........#
#...######## #.##
#.########## ..###
##.# #.# ### ######
#.## #.## #....#
##@# #..# #.####
#g# #..# ## #.####
... #..########.
#######.#..# #...#
#........##.
.....##.#.## #..)#
#..#####....
.....##.#.## #####
#.........#.
_..........#
#.....(...(.
.....#.....########
##.........#.
###..............|#
#...#####..##


You could see Crazy Yiuf.

Vanquished Creatures
  Sigmund (D:2)
  4 adders
  A worm (D:2)
  2 dart slugs (D:1)
  11 orcs
  3 endoplasms
  4 giant cockroaches
  6 hobgoblins
  7 jackals
  6 kobolds
  A quokka (D:3)
  4 ball pythons
  4 bats
  A frilled lizard (D:1)
  4 goblins
  10 rats
69 creatures vanquished.

Notes
Turn   | Place    | Note
-------+----------+-------------------------------------------
     0 | D:1      | Peloso the Minotaur Fighter began the quest for the Orb.
     0 | D:1      | Reached XP level 1. HP: 19/19 MP: 0/0
    45 | D:1      | Found Xiulic's Antique Weapon Shop.
   120 | D:1      | Reached XP level 2. HP: 27/27 MP: 1/1
   481 | D:1      | Gained mutation: You are strong-willed. (Will+) [potion of
                  | mutation]
   481 | D:1      | Gained mutation: Your spells are a little harder to cast,
                  | but a little more powerful. [potion of mutation]
   481 | D:1      | Gained mutation: Your muscles are strong. (Str +4, Int/Dex
                  | -1) [potion of mutation]
   482 | D:1      | Lost mutation: You are strong-willed. (Will+) [potion of
                  | mutation]
   482 | D:1      | Lost mutation: Your muscles are strong. (Str +4, Int/Dex
                  | -1) [potion of mutation]
   577 | D:2      | Reached XP level 3. HP: 33/33 MP: 2/2
   701 | D:2      | Found a faded altar of an unknown god.
   857 | D:2      | Noticed Sigmund
   878 | D:2      | Killed Sigmund
   879 | D:2      | Reached skill level 5 in Armour
   879 | D:2      | Reached skill level 1 in Dodging
   879 | D:2      | Reached XP level 4. HP: 26/41 MP: 3/3
   879 | D:2      | Reached XP level 5. HP: 30/47 MP: 4/4
  1174 | D:2      | Found Kiofaib's Antique Weapon Shoppe.
  1747 | D:3      | Found Wuuplugi's Jewellery Shop.
  1790 | D:3      | Found a basalt altar of Yredelemnul.
  1827 | D:3      | Reached skill level 5 in Long Blades
  1830 | D:3      | Noticed a +0 dagger
  1830 | D:3      | Noticed a +0 hand axe
  1833 | D:3      | Found a hide-covered altar of Uskayaw.
  1866 | D:3      | Reached XP level 6. HP: 19/53 MP: 5/5
  2285 | D:3      | Found a runed translucent door.
  2286 | D:3      | Noticed Crazy Yiuf
  2521 | D:3      | Slain by Crazy Yiuf

Illustrated notes

Levels and vault maps discovered:
D:1:      lemuel_arrival_muddy, layout_rooms, serial_shops, shop,
          minmay_tetromino_o4
D:2:      layout_loops_corners, serial_shops, nicolae_lakefront_shop,
          nicolae_ecumenical_lake_church, minivault_4, uniq_sigmund
D:3:      layout_loops_cross, dancing_weapons_uskayaw,
          nicolae_overflow_hidden_temple, serial_shops, shop,
          kennysheep_generic_room_9, uniq_crazy_yiuf_cottage

Skill      XL: |  1  2  3  4  5 |
---------------+----------------+-----
Fighting       | 4 |  4.7
Armour         | 4 5 |  5.2
Long Blades    | 4 5 |  5.2
Dodging        | 1 |  1.5
Shields        | 4 |  4.1
Stealth        | |  0.2

Action                     |  1- 3 |  4- 6 || total
---------------------------+-------+-------++-------
  Melee: Long sword        |    90 |    71 ||   161
         Headbutt          |    13 |     8 ||    21
    Use: Potion            |     6 |       ||     6
 Armour: Scale mail        |    50 |    26 ||    76
         Chain mail        |       |    12 ||    12
  Dodge: Dodged            |    44 |    45 ||    89
  Block: Buckler           |    24 |       ||    24
